Cogmind - Beta 12 @@@ ROGUE MODE // 2023.12.12 @ 12:11:08 Player: wchar_t Result: Self-destructed Performance ------------- Evolutions (8) 4000 Regions Visited (27) 5400 Robots Destroyed (290) 1450 Value Destroyed (11860) 11860 Prototype IDs (69) 1380 Alien Tech Used (2) 400 Bonus (4725) 4725 TOTAL SCORE: 29215 Bonus ------- Pacifist 200 Triggered Max Security 1000 High Alert Combat Kills 2649 Follower Combat Kills 578 Aligned with FarCom 300 Met Data Miner 300 Met Zhirov 300 Scanned by Researcher 500 Friendly Fire -1102 Cogmind --------- Core Integrity 636/1450 Matter 300/300 Energy 95/100 System Corruption 18% Temperature Cool (0) Movement Walking (120) Location -2/Testing Parts ------- > --- POWER (2) -------- (None) > --- PROPULSION (7) --- Centrium Leg > --- UTILITY (11) ----- Advanced Targeting Computer Advanced Targeting Computer Graphene Brace Hacking Suite > --- WEAPON (3) ------- (None) > --- INVENTORY (5) ---- Armored Heavy Treads Quantum Capacitor Peak State ------------ > --- POWER ------------ Reinforced Antimatter Reactor Particle Reactor > --- PROPULSION ------- Biometal Heavy Treads Biometal Heavy Treads Centrium Leg Centrium Leg Centrium Leg > --- UTILITY ---------- Advanced Power Amplifier Advanced Heat Sink Advanced Heat Sink Large Storage Unit Advanced Salvage Targeting Computer Advanced Targeting Computer Advanced Targeting Computer Quantum Capacitor Graphene Brace Hacking Suite > --- WEAPON ----------- Enhanced Nova Cannon Hardcell Cannon Spear > --- INVENTORY -------- Light Antimatter Reactor Armored Heavy Treads Advanced Myomer Leg Advanced Myomer Leg Centrium Leg Centrium Leg Superbattery Quantum Capacitor Experimental Thermal Defense Suite Enhanced Nova Cannon Smartbomb Launcher CR-A16's Behemoth Slayer [Rating: 164] Favorites ----------- Power Micro Fission Core Engine Heavy Deuterium Engine Power Core Micro Fission Core Reactor Reinforced Antimatter Reactor Propulsion Field Propulsion Drive Treads Biometal Heavy Treads Leg Aluminum Leg Wheel Armored Huge Wheel Hover Unit Antigrav System Flight Unit Field Propulsion Drive Utility Hacking Suite Device Advanced Heat Sink Storage Medium Storage Unit Processor Advanced Targeting Computer Hackware Hacking Suite Protection Improved Utility Shielding Weapon Katana Energy Gun Medium Laser Energy Cannon Matter Neutralizer Ballistic Cannon Hardcell Cannon Launcher Rocket Launcher Impact Weapon Impact Mace Slashing Weapon Katana Piercing Weapon Spear Build | -11 -10 -10 -9 -9 -9 -8 -8 -7 -7 -7 -7 -6 -6 -6 -6 -6 -5 -5 -5 -5 -5 -4 -4 -4 -3 -2 -2 ------- Run | Jun Mat Min Mat Min Exi Min Mat Fac Low Low Dat Pro Fac Low Low Zio Pro Fac Upp Upp Zhi Pro Fac Ext Res Res Tes Slots Evolved 16 | . . . 2 . . . 2 2 . . . . 2 . . . . 2 . . . . 2 . 2 2 . Power 1 | . . . . . . . . . . . . . . . . . . . . . . . 1 . . . . Propulsion 5 | . . . 1 . . . 1 1 . . . . . . . . . 1 . . . . . . . 1 . Utility 9 | . . . 1 . . . 1 1 . . . . 2 . . . . 1 . . . . 1 . 1 1 . Weapon 1 | . . . . . . . . . . . . . . . . . . . . . . . . . 1 . . Parts Attached 419 | 6 6 . 28 5 1 7 21 23 2 . . 15 47 4 . 5 1 27 9 2 3 10 108 30 11 47 1 Power 41 | 1 1 . 2 . . 1 2 1 1 . . 2 4 . . . . 3 . . . . 14 5 1 3 . Engine 13 | 1 1 . 2 . . 1 1 1 . . . . 4 . . . . . . . . . 2 . . . . Core 16 | . . . . . . . 1 . 1 . . 2 . . . . . 3 . . . . 7 2 . . . Reactor 12 | . . . . . . . . . . . . . . . . . . . . . . . 5 3 1 3 . Propulsion 109 | 2 2 . 7 1 . 2 8 6 . . . 1 11 2 . 2 1 7 . . . 3 22 13 5 14 . Treads 7 | . . . . . . . . . . . . . . . . . . . . . . . 2 1 . 4 . Leg 57 | 2 2 . 7 1 . 2 7 . . . . . . . . . . . . . . . 16 12 . 8 . Wheel 3 | . . . . . . . . . . . . . . . . . . . . . . 2 1 . . . . Hover 7 | . . . . . . . . . . . . . . . . . . . . . . . 3 . 2 2 . Flight 35 | . . . . . . . 1 6 . . . 1 11 2 . 2 1 7 . . . 1 . . 3 . . Utility 120 | 1 1 . 5 1 1 . 6 6 1 . . 3 9 2 . 1 . 6 9 2 3 6 29 7 3 18 . Device 55 | . . . 3 1 . . 1 1 . . . 1 3 2 . . . 2 3 1 1 3 18 3 2 10 . Storage 8 | 1 . . 1 . 1 . . 1 . . . . . . . . . . . . . 1 3 . . . . Processor 14 | . 1 . 1 . . . 1 2 . . . . 1 . . . . . 1 . . . 3 1 1 2 . Hackware 8 | . . . . . . . . 1 . . . . 2 . . . . 1 1 . . 1 1 . . 1 . Protection 35 | . . . . . . . 4 1 1 . . 2 3 . . 1 . 3 4 1 2 1 4 3 . 5 . Artifact . | . . . . . . . . . . . . . . . . . . . . . . . . . . . . Weapon 149 | 2 2 . 14 3 . 4 5 10 . . . 9 23 . . 2 . 11 . . . 1 43 5 2 12 1 Energy Gun 40 | 2 2 . 9 2 . 2 3 . . . . . . . . . . . . . . . 18 2 . . . Energy Cannon 20 | . . . . . . . . . . . . . . . . . . . . . . . 15 1 . 3 1 Ballistic Gun . | . . . . . . . . . . . . . . . . . . . . . . . . . . . . Ballistic Cannon 2 | . . . . . . . . . . . . . . . . . . . . . . . . 1 . 1 . Launcher 37 | . . . 5 1 . 2 2 4 . . . 6 11 . . . . 3 . . . . . . . 3 . Special Weapon . | . . . . . . . . . . . . . . . . . . . . . . . . . . . . Impact Weapon 10 | . . . . . . . . 1 . . . 3 1 . . 1 . 3 . . . 1 . . . . . Slashing Weapon 18 | . . . . . . . . 5 . . . . 11 . . . . . . . . . . . 1 1 . Piercing Weapon 22 | . . . . . . . . . . . . . . . . 1 . 5 . . . . 10 1 1 4 . Special Melee Weapon . | . . . . . . . . . . . . . . . . . . . . . . . . . . . . Unidentified Prototypes 24 | . . . 1 . . . 2 2 . . . 3 2 . . . . 2 . . 2 . 5 2 1 1 1 Corrupted Parts 8 | . . . . . . . . . . . . . . . . . . . . . . 1 6 1 . . . System Corruption 35 | . . . . . . . . . . . . . . . . . . . . . . 10 23 2 . . . Parts Lost 124 | . . . 7 . . 6 4 1 1 . . 5 4 2 . . 1 9 . . . 13 34 20 . 3 14 Power 19 | . . . 2 . . 1 1 . . . . 3 1 . . . . . . . . . 6 4 . . 1 Propulsion 47 | . . . 3 . . 2 1 1 . . . 2 2 2 . . 1 6 . . . 5 11 7 . . 4 Utility 40 | . . . . . . . . . 1 . . . 1 . . . . 2 . . . 8 13 6 . 3 6 Weapon 18 | . . . 2 . . 3 2 . . . . . . . . . . 1 . . . . 4 3 . . 3 Highest Loss Streak 10 | . . . 3 . . 6 2 1 1 . . 2 1 1 . . 1 4 . . . 7 10 8 . 2 9 To Critical Strikes 1 | . . . . . . . . . . . . . . . . . . . . . . . . 1 . . . Average Slot Usage (%) 81 | . 82 100 93 100 100 84 91 87 100 100 100 90 90 99 93 96 99 80 79 82 82 30 66 80 57 80 72 Engine 3 | . 14 14 10 11 11 8 3 6 5 . . . 5 6 6 6 6 . . . . . . . . . . Core 1 | . . . . . . . 5 . 2 7 7 3 . . . . . 4 5 5 5 1 3 4 . . . Reactor 1 | . . . . . . . . . . . . . . . . . . . . . . . 1 2 . 6 3 Treads 1 | . . . . . . . . . . . . . . . . . . . . . . . 2 3 . 7 5 Leg 11 | . 27 28 29 33 33 27 34 4 . . . . . . . . . . . . . . 14 22 12 11 12 Flight 12 | . . . . . . . . 32 38 38 38 34 32 33 33 33 33 27 23 23 23 6 . . 3 . . Device 10 | . . . 9 11 11 11 9 6 . . . . 5 6 6 6 6 5 1 1 . . 17 24 15 17 22 Storage 6 | . 14 14 11 11 11 11 9 7 7 7 7 7 6 6 6 6 6 5 5 5 5 2 5 5 4 4 4 Processor 8 | . 2 14 11 11 11 11 9 13 15 15 15 15 13 13 13 9 6 5 10 11 11 1 4 6 12 11 8 Hackware 5 | . . . . . . . . 4 7 7 7 7 7 13 13 13 13 10 16 17 17 9 3 . . 3 4 Protection 4 | . . . . . . . 8 1 7 7 7 4 9 6 6 9 13 10 8 9 11 1 2 1 . 3 . Energy Gun 4 | . 23 28 21 22 22 15 12 1 . . . . . . . . . . . . . . 2 3 2 . . Energy Cannon 1 | . . . . . . . . . . . . . . . . . . . . . . . 4 2 . 2 3 Slashing Weapon 2 | . . . . . . . . 5 7 7 7 7 6 12 6 6 6 1 . . . . . . 1 2 . Naked Turns . | . . . . . . . . . . . . . . . . . . . . . . . . . . . . Heaviest Build 102 | 10 12 12 24 27 37 37 40 41 25 25 25 25 32 31 27 34 34 33 49 26 26 26 95 62 48 102 99 Greatest Support 150 | 20 20 20 30 30 30 35 52 49 25 25 25 25 33 32 32 35 35 39 39 39 39 44 120 140 90 150 150 Greatest Overweight (x) 4 | . . . 1 . 1 2 . . . . . . 1 . . 1 . 1 1 . . 4 2 1 1 1 . Average Overweight (x) . | . . . . . . . . . . . . . . . . . . . . . . . . . . . . Largest Inventory Capacity 15 | 8 8 8 10 10 15 15 15 15 10 10 10 10 10 10 10 10 10 10 10 10 10 10 15 15 15 15 15 Average Capacity 11 | 6 8 8 9 10 10 15 15 11 10 10 10 10 10 10 10 10 10 10 10 10 10 6 12 15 15 15 14 Most Carried 15 | 4 8 8 10 10 10 10 15 15 10 9 9 10 10 10 9 10 10 10 10 10 10 10 15 15 15 15 15 Average Carried 10 | 1 5 7 8 9 9 8 10 10 9 9 9 9 9 9 9 9 9 9 9 10 9 6 12 13 13 14 14 Final Capacity 15 | 8 8 8 10 10 15 15 15 10 10 10 10 10 10 10 10 10 10 10 10 10 10 5 15 15 15 15 5 Final Carried 15 | 3 8 8 8 10 10 8 15 10 9 9 9 10 10 9 9 10 10 9 10 10 10 5 15 14 15 15 4 Class Distribution -------------------- 45% | Scavenger-Mutant 16% | Mutant 10% | Hacker-Scout 7% | Hacker-Sprinter 5% | Hacker-Mutant 4% | Scout 4% | Scavenger-Sprinter 4% | Sprinter Dominant Class ---------------- Mutant | -10/Materials Mutant | -10/Mines Mutant | -9/Materials Scavenger-Mutant | -9/Mines Scavenger-Mutant | -9/Exiles Scavenger-Mutant | -8/Mines Scavenger-Mutant | -8/Materials Scavenger-Sprinter | -7/Factory Scavenger-Sprinter | -7/Lower Caves Sprinter | -7/Lower Caves Sprinter | -7/Data Miner Sprinter | -6/Proximity Caves Scout | -6/Factory Hacker-Sprinter | -6/Lower Caves Hacker-Scout | -6/Lower Caves Hacker-Scout | -6/Zion Hacker-Mutant | -5/Proximity Caves Hacker-Scout | -5/Factory Hacker-Sprinter | -5/Upper Caves Hacker-Sprinter | -5/Upper Caves Hacker-Sprinter | -5/Zhirov Mutant | -4/Proximity Caves Scavenger-Mutant | -4/Factory Scavenger-Mutant | -4/Extension Scavenger-Mutant | -3/Research Scavenger-Mutant | -2/Research Scavenger-Mutant | -2/Testing Resources | -11 -10 -10 -9 -9 -9 -8 -8 -7 -7 -7 -7 -6 -6 -6 -6 -6 -5 -5 -5 -5 -5 -4 -4 -4 -3 -2 -2 ----------- Run | Jun Mat Min Mat Min Exi Min Mat Fac Low Low Dat Pro Fac Low Low Zio Pro Fac Upp Upp Zhi Pro Fac Ext Res Res Tes Matter Collected 6106 | 215 . 26 463 62 . 126 233 252 74 14 . 95 1073 60 . 26 44 333 194 68 11 210 1219 346 . 937 25 Remotely 50 | . . . . . . . . . . . . . . . . . . . . . . . 50 . . . . Salvage Created 12904 | . . . 1357 175 . 165 482 378 41 . . 233 1570 33 . . 34 692 . 9 . 13 4471 1233 . 1946 72 Parts 611 | . . . 74 15 . 10 23 35 8 . . 7 63 2 . . . 38 . . . 1 206 37 . 90 2 Haulers Intercepted 19 | . . . 3 . . . 1 3 . . . . 5 . . . . 2 . . . . 4 . . 1 . Recyclers Shooed 2 | . . . 1 . . . . . . . . . 1 . . . . . . . . . . . . . . Parts Field Recycled . | . . . . . . . . . . . . . . . . . . . . . . . . . . . . Retrieved Matter . | . . . . . . . . . . . . . . . . . . . . . . . . . . . . Parts Self-Destructed 24 | . . . . . . . . . 13 . . 1 . 1 . . . . 1 2 . 6 . . . . . Prevented 6 | . . . . . . . . . . . . . . . . . . . 1 2 . 3 . . . . . Kills | -11 -10 -10 -9 -9 -9 -8 -8 -7 -7 -7 -7 -6 -6 -6 -6 -6 -5 -5 -5 -5 -5 -4 -4 -4 -3 -2 -2 ------- Run | Jun Mat Min Mat Min Exi Min Mat Fac Low Low Dat Pro Fac Low Low Zio Pro Fac Upp Upp Zhi Pro Fac Ext Res Res Tes Combat Hostiles Destroyed 193 | . . . 33 3 . 3 11 7 1 . . 5 25 . . . 1 13 . 1 . 1 50 15 . 24 . Melee 18 | . . . . . . . . . 1 . . . . . . . . 2 . . . . 6 . . 9 . Guns 28 | . . . 15 1 . 1 5 . . . . . . . . . . . . . . . 5 1 . . . Cannons 41 | . . . . . . . . . . . . . . . . . . . . . . . 22 9 . 10 . AOE 78 | . . . 16 2 . 2 6 7 . . . 2 24 . . . 1 9 . . . 1 5 . . 3 . Classes Destroyed 21 | . . . 10 1 . 2 . . 1 . . 3 1 . . . 1 1 . . . . . . . . 1 Worker 15 | . . . 2 . . . . 3 . . . . 5 . . . . . . . . . 3 . . 2 . Builder 15 | . . . . . . 1 . 1 . . . . 1 . . . . 1 . . . . 9 1 . 1 . Tunneler 3 | . . . . 1 . . . . . . . . . . . . . . . . . . 2 . . . . Hauler 19 | . . . 3 . . . 1 3 . . . . 5 . . . . 2 . . . . 4 . . 1 . Recycler 13 | . . . 1 . . 1 1 1 . . . . 3 . . . . 1 . . . . 3 1 . 1 . Minesweeper 3 | . . . . . . . . . . . . 1 . 1 . . 1 . . . . . . . . . . Mechanic 3 | . . . 1 . . . 1 . . . . . 1 . . . . . . . . . . . . . . Operator 6 | . . . 1 . . . . 2 . . . . 2 . . . . . . . . . . 1 . . . Drone 1 | . . . . . . . . . . . . . . . . . 1 . . . . . . . . . . Watcher 14 | . . . 2 . . . . . . . . . 4 . . . . 2 . . . . 5 . . 1 . Swarmer 49 | . . . 8 3 . . 3 3 . . . 2 13 . . . . 8 . 1 . 1 4 . . 3 . Grunt 60 | . . . 14 2 . 2 5 4 . . . 1 9 . . . . . . . . . 14 5 . 4 . Brawler 4 | . . . 2 . . . . . . . . . . . . . . . . . . . 2 . . . . Duelist 3 | . . . . . . . . . . . . . 1 . . . . . . . . . 1 1 . . . Protector 1 | . . . . . . . . . . . . 1 . . . . . . . . . . . . . . . Researcher 1 | . . . . . . . . . . . . . . . . . . . . . . . . . . . 1 Sentry 24 | . . . 9 . . . 2 . . . . . . . . . . . . . . . 5 5 . 3 . Demolisher 2 | . . . . . . . . . . . . 1 . . . . . . . . . . . 1 . . . Hunter 16 | . . . . . . 1 1 . . . . . 2 . . . . . . . . . 6 1 . 5 . Programmer 30 | . . . . . . . . . 1 . . . . . . . . 4 . . . . 17 . . 8 . Behemoth 5 | . . . . . . . . . . . . . . . . . . 1 . . . . 1 2 . 1 . Enhanced Grunt 1 | . . . . . . . . . . . . 1 . . . . . . . . . . . . . . . Thug 1 | . . . . 1 . . . . . . . . . . . . . . . . . . . . . . . Savage 1 | . . . . . . . . . . . . . . . . . . . . . . . . 1 . . . Best Kill Streak 10 | . . . 6 3 . 5 4 6 1 . . 2 10 1 . . 1 5 . 1 . 1 9 4 . 4 1 Combat Bots Only 7 | . . . 5 3 . 3 3 3 1 . . 2 7 . . . 1 4 . 1 . 1 6 3 . 4 . Max Kills in Single Turn 6 | . . . 3 3 . 1 3 6 1 . . 2 3 1 . . 1 4 . 1 . 1 6 1 . 2 1 Gunslinging . | . . . . . . . . . . . . . . . . . . . . . . . . . . . . Exploded 4 | . . . 3 1 . 1 2 2 . . . 2 2 . . . 1 4 . . . 1 2 . . 2 . Melee 1 | . . . . . . . . . 1 . . . . . . . . 1 . . . . 1 . . 1 . Uniques/NPCs Destroyed . | . . . . . . . . . . . . . . . . . . . . . . . . . . . . Combat | -11 -10 -10 -9 -9 -9 -8 -8 -7 -7 -7 -7 -6 -6 -6 -6 -6 -5 -5 -5 -5 -5 -4 -4 -4 -3 -2 -2 -------- Run | Jun Mat Min Mat Min Exi Min Mat Fac Low Low Dat Pro Fac Low Low Zio Pro Fac Upp Upp Zhi Pro Fac Ext Res Res Tes Damage Taken 23535 | . 12 . 1202 129 . 613 714 132 155 . . 647 947 157 . . 81 771 . 110 . 1463 7039 3380 . 3041 2942 Core 3590 | . . . 183 78 . 90 130 16 5 . . 203 302 . . . 35 151 . 17 . 496 757 313 . 337 477 Absorbed by Shields 379 | . . . 19 . . . . . . . . 10 . . . . . . . . . . . 275 . . 75 Reduced by Siege Mode 356 | . . . . . . . . . . . . . . . . . . . . . . . 241 51 . 64 . Redirected to Shielding 239 | . . . . . . . . . . . . . 90 8 . . . 41 . 7 . 67 . . . 26 . Regen/Repaired (Parts) 114 | . . . . . . . . 53 . . . . . . . 61 . . . . . . . . . . . Core Remaining (%) 61 | 100 . 100 . . . 12 76 . . . . 68 . . . . 60 . . . . 33 . 6 100 . . Volleys Fired 573 | . 11 . 98 16 . 15 25 8 . . . 1 37 . . . . 5 . . . . 216 76 1 57 7 Largest 2 | . 2 . 2 2 . 2 2 2 . . . 1 1 . . . . 1 . . . . 2 2 1 1 1 Hottest 205 | . 100 . 115 106 . 125 121 121 . . . 33 80 . . . . 43 . . . . 203 205 100 120 120 Shots Fired 798 | . 14 . 189 32 . 20 41 12 . . . 1 37 . . . . 5 . . . . 289 95 1 55 7 Gun 377 | . 14 . 176 30 . 14 35 5 . . . . . . . . . . . . . . 59 43 1 . . Cannon 340 | . . . . . . . . . . . . . . . . . . . . . . . 230 52 . 51 7 Launcher 81 | . . . 13 2 . 6 6 7 . . . 1 37 . . . . 5 . . . . . . . 4 . Special . | . . . . . . . . . . . . . . . . . . . . . . . . . . . . Kinetic 14 | . . . . . . . . . . . . . . . . . . . . . . . . 14 . . . Thermal 621 | . 14 . 176 30 . 14 35 5 . . . . . . . . . . . . . . 207 81 1 51 7 Explosive 81 | . . . 13 2 . 6 6 7 . . . 1 37 . . . . 5 . . . . . . . 4 . Electromagnetic 82 | . . . . . . . . . . . . . . . . . . . . . . . 82 . . . . Robot Hit Streak 42 | . 6 . 19 5 . 9 12 3 . . . 1 4 . . . . 2 . . . . 18 42 1 10 4 Robot Miss Streak 4 | . 2 . 3 2 . 2 3 2 . . . . 3 . . . . 1 . . . . 4 4 1 2 1 Penetration Max 1 | . . . . . . . . . . . . . . . . . . . . . . . . 1 . . . Secondary Targets . | . . . . . . . . . . . . . . . . . . . . . . . . . . . . Capacitor 52 | . . . . . . . . . . . . . . . . . . . . . . . . . . 45 7 Shots Hit Robots 671 | . 10 . 127 20 . 14 26 9 1 . . 19 58 4 . . 2 21 . 1 . . 178 85 1 89 6 Core Hits 428 | . 1 . 71 11 . 13 23 22 1 . . 5 70 1 . . 1 13 . . . . 87 50 . 52 7 Critical Kills 14 | . . . . . . . . . 1 . . . . . . . . . . . . . 7 5 . 1 . Critical Parts Destroyed 8 | . . . . . . . . . . . . 1 4 . . . . 2 . . . . . 1 . . . Critical Strikes 56 | . . . 14 2 . . 1 . 1 . . 2 6 . . . 1 2 . . . . 11 6 . 10 . Burn 17 | . . . 14 2 . . 1 . . . . . . . . . . . . . . . . . . . . Meltdown 10 | . . . . . . . . . . . . . . . . . . . . . . . 7 2 . 1 . Destroy 4 | . . . . . . . . . . . . . . . . . . . . . . . . 4 . . . Corrupt 2 | . . . . . . . . . . . . . . . . . . . . . . . 2 . . . . Smash 8 | . . . . . . . . . 1 . . 1 4 . . . . 2 . . . . . . . . . Sever 6 | . . . . . . . . . . . . 1 2 . . . . . . . . . . . . 3 . Impale 9 | . . . . . . . . . . . . . . . . . 1 . . . . . 2 . . 6 . Melee Attacks 344 | . . . . . . . . 19 4 . . 32 78 5 . 1 17 66 2 1 . 10 32 2 4 70 1 Impact 67 | . . . . . . . . . 4 . . 15 13 . . . . 22 2 1 . 10 . . . . . Slashing 145 | . . . . . . . . 19 . . . 17 65 5 . 1 4 12 . . . . . . 1 21 . Piercing 132 | . . . . . . . . . . . . . . . . . 13 32 . . . . 32 2 3 49 1 Sneak Attacks 41 | . . . . . . . . 3 . . . 1 17 1 . . 2 6 . . . . 5 . . 6 . Combat Hostiles 6 | . . . . . . . . . . . . . 3 . . . . 1 . . . . 2 . . . . Follow-up Attacks 12 | . . . . . . . . . . . . 3 2 1 . . 1 . . . . . . . . 5 . Damage Inflicted 33107 | . 116 12 2748 523 . 738 895 1414 45 . . 994 6258 229 . . 158 2367 . 70 . . 8587 2849 15 4693 396 Guns 5343 | . 116 . 1607 257 . 187 356 15 . . . . . . . . . . . . . . 1305 1485 15 . . Cannons 8490 | . . . . . . . . . . . . . . . . . . . . . . . 5149 1335 . 1850 156 Explosions 11456 | . . . 1137 266 . 551 485 1054 . . . 175 4003 . . . . 1242 . . . . 1442 . . 1101 . Melee 7405 | . . . . . . . . 345 45 . . 819 2254 229 . . 158 1125 . 70 . . 607 . . 1725 28 Ramming 413 | . . 12 4 . . . 54 . . . . . 1 . . . . . . . . . 84 29 . 17 212 Kinetic 222 | . . . . . . . . . . . . . . . . . . . . . . . . 222 . . . Thermal 13573 | . 116 . 1607 257 . 187 356 469 . . . . 299 . . . . 540 . . . . 5123 2598 15 1850 156 Explosive 9631 | . . . 1137 266 . 551 485 600 . . . 175 3704 . . . . 702 . . . . 910 . . 1101 . Electromagnetic 1863 | . . . . . . . . . . . . . . . . . . . . . . . 1863 . . . . Impact 1966 | . . . . . . . . . 45 . . 465 792 . . . . 594 . 70 . . . . . . . Slashing 3107 | . . . . . . . . 345 . . . 354 1462 229 . . 76 134 . . . . . . . 507 . Piercing 2332 | . . . . . . . . . . . . . . . . . 82 397 . . . . 607 . . 1218 28 Highest Corruption 43 | . . . . . . . . . . . . . 2 2 2 2 . 4 4 4 4 28 36 43 . 16 18 Average Corruption 15 | . . . . . . . . . . . . . 1 2 2 2 . 3 4 4 4 20 24 40 . 10 16 Corruption Purged 9 | . . . . . . . . . . . . . . . . . . . . . . . 9 . . . . Corruption Blocked . | . . . . . . . . . . . . . . . . . . . . . . . . . . . . Effects 358 | . . . . . . . . . . . . . 14 7 1 . . 15 9 3 2 23 159 52 . 63 10 Message Errors 86 | . . . . . . . . . . . . . 5 2 1 . . 4 7 . 1 9 32 11 . 13 1 Matter Fused 83 | . . . . . . . . . . . . . 1 2 . . . 8 . . . 4 40 9 . 16 3 Heat Flow Errors 34 | . . . . . . . . . . . . . 1 . . . . 1 1 . 1 2 15 4 . 8 1 Energy Discharges 33 | . . . . . . . . . . . . . 1 . . . . . 1 . . 2 15 4 . 7 3 Parts Rejected 5 | . . . . . . . . . . . . . 2 . . . . . . . . . 2 1 . . . Parts Fused 7 | . . . . . . . . . . . . . . 1 . . . . . . . 1 5 . . . . Data Loss (minor) 35 | . . . . . . . . . . . . . 2 1 . . . 1 . 2 . 1 13 4 . 9 2 Data Loss (major) 22 | . . . . . . . . . . . . . 2 . . . . 1 . 1 . . 8 5 . 5 . Misfires 6 | . . . . . . . . . . . . . . . . . . . . . . . 4 1 . 1 . Alerts 6 | . . . . . . . . . . . . . . 1 . . . . . . . 1 3 . . 1 . Misdirections 11 | . . . . . . . . . . . . . . . . . . . . . . 3 7 1 . . . Weapon Failures 30 | . . . . . . . . . . . . . . . . . . . . . . . 15 12 . 3 . Overload Shots 7 | . . . . . . . . . . . . . . . . . . . . . . . 7 . . . . Effects 1 | . . . . . . . . . . . . . . . . . . . . . . . 1 . . . . Heat Surge 1 | . . . . . . . . . . . . . . . . . . . . . . . 1 . . . . Overflow Damage 2671 | . . . 51 . . 4 3 98 . . . 186 675 76 . . 124 670 . 31 . . 490 13 . 250 . Projectiles 331 | . . . . . . . . . . . . . 11 . . . . . . . . . 263 13 . 44 . Explosions 843 | . . . 51 . . 4 3 98 . . . 10 196 . . . . 266 . . . . 137 . . 78 . Melee 1497 | . . . . . . . . . . . . 176 468 76 . . 124 404 . 31 . . 90 . . 128 . Knockbacks 16 | . . . . . . . . . . . . 3 4 . . . . 3 . . . . 3 2 . . 1 Impact 13 | . . . . . . . . . . . . 3 3 . . . . 3 . . . . 3 . . . 1 Kinetic 1 | . . . . . . . . . . . . . . . . . . . . . . . . 1 . . . Secondary 2 | . . . . . . . . . . . . . 1 . . . . . . . . . . 1 . . . Self-Inflicted Damage 728 | . . . 221 87 . 87 129 . . . . . . . . . . 132 . . . . 72 . . . . Shots 20 | . . . 6 2 . 4 3 . . . . . . . . . . 3 . . . . 2 . . . . Rammed 1 | . . . . . . . . . . . . . 1 . . . . . . . . . . . . . . Targets Rammed 63 | . . 1 4 . . . 12 . . . . . 1 . . . . . . . . . 6 3 . 2 34 Kicked 62 | . . 1 4 . . . 12 . . . . . . . . . . . . . . . 6 3 . 2 34 Crushed . | . . . . . . . . . . . . . . . . . . . . . . . . . . . . Highest Temperature 661 | . 117 . 303 70 . 43 234 21 70 199 98 62 190 233 . 7 15 93 205 . 279 228 334 197 418 661 221 Average Temperature 67 | . 60 . 50 32 . 23 91 6 30 101 49 25 40 143 . 3 7 4 107 . 141 87 74 80 220 206 103 Received Heat Transfer 2887 | . 6 . 360 6 . 216 198 27 21 . . 65 159 18 . . . 42 . . . 200 652 549 . 126 242 Effects 24 | . . . 1 . . . 3 . . . . . . . . . . . . . . . 2 . . 18 . Shutdowns 6 | . . . . . . . . . . . . . . . . . . . . . . . . . . 6 . Energy Bleed 7 | . . . 1 . . . 1 . . . . . . . . . . . . . . . 2 . . 3 . Interference 4 | . . . . . . . 2 . . . . . . . . . . . . . . . . . . 2 . Matter Decay 3 | . . . . . . . . . . . . . . . . . . . . . . . . . . 3 . Damage (minor) 1 | . . . . . . . . . . . . . . . . . . . . . . . . . . 1 . Damage (major) 2 | . . . . . . . . . . . . . . . . . . . . . . . . . . 2 . Damage (core) 1 | . . . . . . . . . . . . . . . . . . . . . . . . . . 1 . Siege Activations 8 | . . . . . . . . . . . . . . . . . . . . . . . 5 1 . 2 . Total Turns 114 | . . . . . . . . . . . . . . . . . . . . . . . 58 29 . 27 . Longest Duration 29 | . . . . . . . . . . . . . . . . . . . . . . . 26 29 . 14 . Robots Corrupted 6 | . . . . . . . . . . . . . . . . . . . . . . . 6 . . . . Combat Hostiles 5 | . . . . . . . . . . . . . . . . . . . . . . . 5 . . . . Parts Fried 40 | . . . . . . . . . . . . 5 8 . . . . 5 . . . 1 21 . . . . Impact Corruptions 27 | . . . . . . . . . . . . 6 8 . . . . 11 . 2 . . . . . . . Robots Melted 17 | . . . 3 . . . . . . . . . . . . . . . . . . . 9 4 . 1 . Combat Hostiles 12 | . . . 2 . . . . . . . . . . . . . . . . . . . 6 3 . 1 . Parts Melted 57 | . . . 16 1 . . 4 . . . . . . . . . . 1 . . . . 23 3 . 9 . Heat Transferred 19568 | . 310 . 5624 851 . 370 925 337 . . . . 200 . . . . 300 . . . . 5303 3584 25 1554 185 Parts Sabotaged . | . . . . . . . . . . . . . . . . . . . . . . . . . . . . Parts Stolen . | . . . . . . . . . . . . . . . . . . . . . . . . . . . . Parts Stripped . | . . . . . . . . . . . . . . . . . . . . . . . . . . . . Power Chain Reactions 4 | . . . . . . . . . . . . . . . . . . . . . . . 4 . . . . Missiles Intercepted . | . . . . . . . . . . . . . . . . . . . . . . . . . . . . Alert | -11 -10 -10 -9 -9 -9 -8 -8 -7 -7 -7 -7 -6 -6 -6 -6 -6 -5 -5 -5 -5 -5 -4 -4 -4 -3 -2 -2 ------- Run | Jun Mat Min Mat Min Exi Min Mat Fac Low Low Dat Pro Fac Low Low Zio Pro Fac Upp Upp Zhi Pro Fac Ext Res Res Tes Peak Influence 1665 | . . . 700 390 . 72 324 458 . . . . 1410 . . . . 1328 . . . . 1377 1190 674 626 1665 Initial 750 | . . . . 273 . . 27 97 . . . . 80 . . . . 750 . . . . . 674 614 267 341 Average 563 | . . . 430 372 . 41 207 299 . . . . 672 . . . . 932 . . . . 584 910 621 460 1626 Maximum Alert Level 5 | . . . 3 1 . . 1 2 . . . . 4 . . . . 4 . . . . 4 4 2 2 5 Low Security (%) 16 | 100 100 100 13 . . 100 54 8 . . . . 14 . . . . . . . . . 22 . . . . Level 1 21 | . . . 19 100 . . 45 63 . . . . 13 . . . . . . . . . 22 . . 27 . Level 2 33 | . . . 65 . . . . 27 . . . . 28 . . . . 5 . . . . 26 9 100 72 . Level 3 13 | . . . 1 . . . . . . . . . 21 . . . . 74 . . . . 2 66 . . . Level 4 12 | . . . . . . . . . . . . . 23 . . . . 19 . . . . 26 24 . . . Level 5 . | . . . . . . . . . . . . . . . . . . . . . . . . . . . . High Security . | . . . . . . . . . . . . . . . . . . . . . . . . . . . . Max Security 1 | . . . . . . . . . . . . . . . . . . . . . . . . . . . 99 Squads Dispatched 88 | . 2 . 7 . . . 3 5 . . . . 15 . . . . 7 . . . . 22 5 3 6 13 Investigation 14 | . 1 . 2 . . . . . . . . . 6 . . . . 4 . . . . 1 . . . . Extermination 15 | . . . . . . . . . . . . . 1 . . . . 2 . . . . 9 . . 3 . Reinforcement 29 | . 1 . 4 . . . 2 5 . . . . 5 . . . . 1 . . . . 5 1 2 2 1 Assault 29 | . . . 1 . . . . . . . . . 3 . . . . . . . . . 7 4 1 1 12 Garrison 1 | . . . . . . . 1 . . . . . . . . . . . . . . . . . . . . Intercept . | . . . . . . . . . . . . . . . . . . . . . . . . . . . . Searches Triggered 3 | . . . . . . . . . . . . . . . . . . 3 . . . . . . . . . Data Miner Redirects 13 | . . . . . . . . . . . . . 3 . . . . 1 . . . . 6 2 1 . . Construction Impeded 5 | . . . . . . . 1 . . . . . 2 . . . . . . . . . 1 1 . . . Haulers Reinforced 6 | . . . . . . . . 2 . . . . 2 . . . . . . . . . 2 . . . . Active Scanning Responses . | . . . . . . . . . . . . . . . . . . . . . . . . . . . . Cargo Convoy Interrupts . | . . . . . . . . . . . . . . . . . . . . . . . . . . . . Stealth | -11 -10 -10 -9 -9 -9 -8 -8 -7 -7 -7 -7 -6 -6 -6 -6 -6 -5 -5 -5 -5 -5 -4 -4 -4 -3 -2 -2 --------- Run | Jun Mat Min Mat Min Exi Min Mat Fac Low Low Dat Pro Fac Low Low Zio Pro Fac Upp Upp Zhi Pro Fac Ext Res Res Tes Distress Signals 27 | . . . 6 . . . 2 1 . . . 5 3 . . . 1 3 . . . . 1 1 1 2 1 Communications Jammed 59 | . . . . . . . . . . . . . . . . . . . . . . . 19 31 . 9 . Distress Signals 59 | . . . . . . . . . . . . . . . . . . . . . . . 19 31 . 9 . Times Spotted 507 | . 5 . 50 3 . 4 14 14 7 3 . 10 59 13 . . 6 44 3 10 . 34 78 46 7 36 61 Peak Tracking Total 51 | . 2 . 5 3 . 4 4 5 8 3 . 3 8 12 . . 4 14 4 5 . 15 6 14 4 5 51 Tactical Retreats 56 | . . . . . . . . 4 4 1 . . 13 3 . . . 11 2 2 . 7 . 1 1 6 1 Traps | -11 -10 -10 -9 -9 -9 -8 -8 -7 -7 -7 -7 -6 -6 -6 -6 -6 -5 -5 -5 -5 -5 -4 -4 -4 -3 -2 -2 ------- Run | Jun Mat Min Mat Min Exi Min Mat Fac Low Low Dat Pro Fac Low Low Zio Pro Fac Upp Upp Zhi Pro Fac Ext Res Res Tes Traps Triggered 18 | . 3 . 2 . . . 1 2 . . . 1 2 1 . . . . . . . . 5 1 . . . Indirectly . | . . . . . . . . . . . . . . . . . . . . . . . . . . . . Trap Hack Attempts . | . . . . . . . . . . . . . . . . . . . . . . . . . . . . Triggered . | . . . . . . . . . . . . . . . . . . . . . . . . . . . . Disarmed . | . . . . . . . . . . . . . . . . . . . . . . . . . . . . Reprogrammed . | . . . . . . . . . . . . . . . . . . . . . . . . . . . . Reused 5 | . . . . . . . . . . . . . . . . . . . 1 2 . 2 . . . . . Traps Extracted 4 | . . . . . . . . . . . . . . 4 . . . . . . . . . . . . . Installed 6 | . . . . . . . . . . . . . . . . . . . 1 2 . 3 . . . . . Triggered 9 | . . . . . . . . . 1 . . 1 . 1 . . 1 . 1 2 . 1 1 . . . . Fabricated Traps 4 | . . . . . . . . . . . . . . . . . . 1 3 . . . . . . . . Most Traps Carried 6 | . . . . . . . . . . . . . . 4 4 4 4 5 6 6 4 4 1 1 1 1 . Machines | -11 -10 -10 -9 -9 -9 -8 -8 -7 -7 -7 -7 -6 -6 -6 -6 -6 -5 -5 -5 -5 -5 -4 -4 -4 -3 -2 -2 ---------- Run | Jun Mat Min Mat Min Exi Min Mat Fac Low Low Dat Pro Fac Low Low Zio Pro Fac Upp Upp Zhi Pro Fac Ext Res Res Tes Machines Disabled 64 | . . . 5 1 . 1 4 5 . . . 3 15 . . . . 9 . . . . 17 2 . . 2 Max in Single Turn 8 | . . . 3 1 . 1 2 5 . . . 1 3 . . . . 5 . . . . 8 . . . 1 Garrison Access 4 | . . . . . . . . . . . . . 2 . . . . 1 . . . . 1 . . . . Machines Repaired . | . . . . . . . . . . . . . . . . . . . . . . . . . . . . Machines Sabotaged . | . . . . . . . . . . . . . . . . . . . . . . . . . . . . Overloaded Fab Kills 7 | . . . . . . . . . . . . . . . . . . . . . . . 7 . . . . Hacking | -11 -10 -10 -9 -9 -9 -8 -8 -7 -7 -7 -7 -6 -6 -6 -6 -6 -5 -5 -5 -5 -5 -4 -4 -4 -3 -2 -2 --------- Run | Jun Mat Min Mat Min Exi Min Mat Fac Low Low Dat Pro Fac Low Low Zio Pro Fac Upp Upp Zhi Pro Fac Ext Res Res Tes Machines Accessed 47 | . . . 1 . 2 . . 5 . . 4 . 13 . . . . 11 . 1 5 . 2 . 2 1 . Terminals 22 | . . . 1 . . . . 4 . . . . 8 . . . . 5 . . . . 1 . 2 1 . Fabricators 10 | . . . . . . . . . . . . . 4 . . . . 5 . . . . 1 . . . . Repair Stations 1 | . . . . . . . . 1 . . . . . . . . . . . . . . . . . . . Recycling Units . | . . . . . . . . . . . . . . . . . . . . . . . . . . . . Scanalyzers . | . . . . . . . . . . . . . . . . . . . . . . . . . . . . Garrison Access 2 | . . . . . . . . . . . . . 1 . . . . 1 . . . . . . . . . Total Hacks 122 | . . . 2 . 2 . . 11 . . 28 . 27 . . . . 24 . 1 18 . 2 . 6 1 . Successful 84 | . . . . . 2 . . 7 . . 28 . 13 . . . . 12 . 1 18 . 1 . 2 . . Failed 38 | . . . 2 . . . . 4 . . . . 14 . . . . 12 . . . . 1 . 4 1 . Catastrophic 10 | . . . . . . . . 2 . . . . 4 . . . . 2 . . . . . . 1 1 . Database Lockouts . | . . . . . . . . . . . . . . . . . . . . . . . . . . . . Manual 34 | . . . 2 . 2 . . 6 . . . . 12 . . . . 9 . . . . 1 . 1 1 . Terminals 45 | . . . 2 . . . . 9 . . . . 17 . . . . 9 . . . . 1 . 6 1 . Fabricators 24 | . . . . . . . . . . . . . 9 . . . . 14 . . . . 1 . . . . Repair Stations 2 | . . . . . . . . 2 . . . . . . . . . . . . . . . . . . . Recycling Units . | . . . . . . . . . . . . . . . . . . . . . . . . . . . . Scanalyzers . | . . . . . . . . . . . . . . . . . . . . . . . . . . . . Garrison Access 2 | . . . . . . . . . . . . . 1 . . . . 1 . . . . . . . . . Terminal Hacks 59 | . . . . . 2 . . 4 . . 28 . 3 . . . . 2 . 1 18 . . . 1 . . Record 19 | . . . . . 1 . . . . . 11 . . . . . . . . 1 6 . . . . . . Part Schematic 14 | . . . . . . . . . . . 10 . . . . . . . . . 4 . . . . . . Robot Schematic 4 | . . . . . . . . . . . 4 . . . . . . . . . . . . . . . . Robot Analysis 4 | . . . . . . . . . . . . . . . . . . . . . 4 . . . . . . Prototype ID Bank 7 | . . . . . . . . . . . 3 . . . . . . . . . 4 . . . . . . Level Access Points 1 | . . . . . . . . . . . . . . . . . . . . . . . . . 1 . . Branch Access Points 3 | . . . . . . . . 1 . . . . 1 . . . . 1 . . . . . . . . . Fabricator Index 2 | . . . . . . . . 1 . . . . 1 . . . . . . . . . . . . . . Alert Level 1 | . . . . . . . . 1 . . . . . . . . . . . . . . . . . . . Locate Traps 1 | . . . . . . . . . . . . . 1 . . . . . . . . . . . . . . Recall Extermination 1 | . . . . . . . . . . . . . . . . . . 1 . . . . . . . . . Hauler Manifests 1 | . . . . . . . . 1 . . . . . . . . . . . . . . . . . . . EX-Prototype ID Bank 1 | . . . . . 1 . . . . . . . . . . . . . . . . . . . . . . Fabricator Hacks 14 | . . . . . . . . . . . . . 7 . . . . 7 . . . . . . . . . Load Schematic 9 | . . . . . . . . . . . . . 4 . . . . 5 . . . . . . . . . Build 5 | . . . . . . . . . . . . . 3 . . . . 2 . . . . . . . . . Repair Station Hacks 2 | . . . . . . . . 2 . . . . . . . . . . . . . . . . . . . Scan Component 1 | . . . . . . . . 1 . . . . . . . . . . . . . . . . . . . Repair 1 | . . . . . . . . 1 . . . . . . . . . . . . . . . . . . . Recycling Unit Hacks . | . . . . . . . . . . . . . . . . . . . . . . . . . . . . Scanalyzer . | . . . . . . . . . . . . . . . . . . . . . . . . . . . . Garrison Access Hacks 2 | . . . . . . . . . . . . . 1 . . . . 1 . . . . . . . . . Seal Access 2 | . . . . . . . . . . . . . 1 . . . . 1 . . . . . . . . . Unauthorized Hacks 7 | . . . . . . . . 1 . . . . 2 . . . . 2 . . . . 1 . 1 . . Terminals 4 | . . . . . . . . 1 . . . . 1 . . . . 1 . . . . . . 1 . . Botnet 4 | . . . . . . . . 1 . . . . 1 . . . . 1 . . . . . . 1 . . Fabricators 3 | . . . . . . . . . . . . . 1 . . . . 1 . . . . 1 . . . . Haulers 1 | . . . . . . . . . . . . . . . . . . 1 . . . . . . . . . Overload 1 | . . . . . . . . . . . . . . . . . . . . . . . 1 . . . . Recompile 1 | . . . . . . . . . . . . . 1 . . . . . . . . . . . . . . Repair Stations . | . . . . . . . . . . . . . . . . . . . . . . . . . . . . Recycling Units . | . . . . . . . . . . . . . . . . . . . . . . . . . . . . Scanalyzers . | . . . . . . . . . . . . . . . . . . . . . . . . . . . . Garrison Access . | . . . . . . . . . . . . . . . . . . . . . . . . . . . . Data Cores Recovered 4 | . . . 1 . . . . 1 . . . . 1 . . . . . . . . . . 1 . . . Used . | . . . . . . . . . . . . . . . . . . . . . . . . . . . . Hacking Detections 29 | . . . 1 . . . . 4 . . . . 10 . . . . 10 . . . . 1 . 2 1 . Full Trace Events 9 | . . . . . . . . . . . . . 5 . . . . 4 . . . . . . . . . Feedback Events . | . . . . . . . . . . . . . . . . . . . . . . . . . . . . Feedback Blocked . | . . . . . . . . . . . . . . . . . . . . . . . . . . . . Robot Schematics Acquired 7 | . . . . . . . . . . . 4 . . . . 3 . . . . . . . . . . . Robots Built . | . . . . . . . . . . . . . . . . . . . . . . . . . . . . Authchips . | . . . . . . . . . . . . . . . . . . . . . . . . . . . . Time . | . . . . . . . . . . . . . . . . . . . . . . . . . . . . Total Robot Build Rating . | . . . . . . . . . . . . . . . . . . . . . . . . . . . . Part Schematics Acquired 29 | . . . . . . . . . . . 10 . . . . 13 . . . . 4 . . . . . 2 Parts Built 10 | . . . . . . . . . . . . . 6 . . . . 4 . . . . . . . . . Authchips 1 | . . . . . . . . . . . . . 1 . . . . . . . . . . . . . . Time 406 | . . . . . . . . . . . . . 247 . . . . 159 . . . . . . . . . Total Part Build Rating 60 | . . . . . . . . . . . . . 36 . . . . 24 . . . . . . . . . Parts Repaired 1 | . . . . . . . . 1 . . . . . . . . . . . . . . . . . . . Time 19 | . . . . . . . . 19 . . . . . . . . . . . . . . . . . . . Parts Recycled . | . . . . . . . . . . . . . . . . . . . . . . . . . . . . Recycled Matter . | . . . . . . . . . . . . . . . . . . . . . . . . . . . . Retrieved Matter . | . . . . . . . . . . . . . . . . . . . . . . . . . . . . Retrieved Components . | . . . . . . . . . . . . . . . . . . . . . . . . . . . . Parts Scanalyzed . | . . . . . . . . . . . . . . . . . . . . . . . . . . . . Part Schematics Acquired . | . . . . . . . . . . . . . . . . . . . . . . . . . . . . Parts Damaged . | . . . . . . . . . . . . . . . . . . . . . . . . . . . . Bothacking | -11 -10 -10 -9 -9 -9 -8 -8 -7 -7 -7 -7 -6 -6 -6 -6 -6 -5 -5 -5 -5 -5 -4 -4 -4 -3 -2 -2 ------------ Run | Jun Mat Min Mat Min Exi Min Mat Fac Low Low Dat Pro Fac Low Low Zio Pro Fac Upp Upp Zhi Pro Fac Ext Res Res Tes Used RIF Installer . | . . . . . . . . . . . . . . . . . . . . . . . . . . . . Robots Hacked . | . . . . . . . . . . . . . . . . . . . . . . . . . . . . Non-combat . | . . . . . . . . . . . . . . . . . . . . . . . . . . . . Combat . | . . . . . . . . . . . . . . . . . . . . . . . . . . . . Robot Hacks Applied . | . . . . . . . . . . . . . . . . . . . . . . . . . . . . Relay Couplers Released 3 | . . . . . . . . . . . . . 2 . . . . . . . . . 1 . . . . Machine Destruction 3 | . . . . . . . . . . . . . 2 . . . . . . . . . 1 . . . . Fabnet Peak Effective % . | . . . . . . . . . . . . . . . . . . . . . . . . . . . . Robots Rewired 9 | . . . . . . . . . . . . 2 . . . . . . . . . . . 7 . . . Allies Hacked . | . . . . . . . . . . . . . . . . . . . . . . . . . . . . Hacks Repelled . | . . . . . . . . . . . . . . . . . . . . . . . . . . . . Allies | -11 -10 -10 -9 -9 -9 -8 -8 -7 -7 -7 -7 -6 -6 -6 -6 -6 -5 -5 -5 -5 -5 -4 -4 -4 -3 -2 -2 -------- Run | Jun Mat Min Mat Min Exi Min Mat Fac Low Low Dat Pro Fac Low Low Zio Pro Fac Upp Upp Zhi Pro Fac Ext Res Res Tes Total Allies 16 | . . . . 3 . . . . . . . 3 . . . . . . . . . . . 10 . . . Largest Group 9 | . . . . 3 1 1 . . . . . 2 . . . . . . . . . . . 9 . . . Highest-Rated Group 509 | . . . . 40 16 16 . . . . . 96 . . . . . . . . . . . 509 . . . Highest-Rated Ally 159 | . . . . 16 16 16 . . . . . 96 . . . . . . . . . . . 159 . . . Total Orders 2 | . . . . . . . . . . . . 1 . . . . . . . . . . . 1 . . . STAY 2 | . . . . . . . . . . . . 1 . . . . . . . . . . . 1 . . . Ally Attacks 135 | . . . . 1 . 2 . . . . . 18 . . . . . . . . . . . 114 . . . Total Damage 3696 | . . . . 10 . 15 . . . . . 371 . . . . . . . . . . . 3300 . . . Kills 17 | . . . . . . . . . . . . 2 . . . . . . . . . . . 15 . . . Allies Corrupted . | . . . . . . . . . . . . . . . . . . . . . . . . . . . . Allies Melted . | . . . . . . . . . . . . . . . . . . . . . . . . . . . . Intel | -11 -10 -10 -9 -9 -9 -8 -8 -7 -7 -7 -7 -6 -6 -6 -6 -6 -5 -5 -5 -5 -5 -4 -4 -4 -3 -2 -2 ------- Run | Jun Mat Min Mat Min Exi Min Mat Fac Low Low Dat Pro Fac Low Low Zio Pro Fac Upp Upp Zhi Pro Fac Ext Res Res Tes Robot Analysis Total 4 | . . . . . . . . . . . . . . . . . . . . . 4 . . . . . . Derelict Logs Recovered 15 | . . 2 . 1 . . . . 1 . . 1 . 1 2 2 2 . 2 . . 1 . . . . . Drone Launches . | . . . . . . . . . . . . . . . . . . . . . . . . . . . . Drone Recoveries . | . . . . . . . . . . . . . . . . . . . . . . . . . . . . Exploration | -11 -10 -10 -9 -9 -9 -8 -8 -7 -7 -7 -7 -6 -6 -6 -6 -6 -5 -5 -5 -5 -5 -4 -4 -4 -3 -2 -2 ------------- Run | Jun Mat Min Mat Min Exi Min Mat Fac Low Low Dat Pro Fac Low Low Zio Pro Fac Upp Upp Zhi Pro Fac Ext Res Res Tes Turns Passed 16550 | 73 191 220 1301 359 308 205 497 695 212 44 22 327 1514 621 61 393 539 1114 376 181 61 534 3462 786 407 1834 213 Spaces Moved 17499 | 55 125 182 685 253 238 102 287 1342 776 192 94 449 2846 655 211 861 415 2008 511 530 168 720 1700 406 506 1055 127 Core 352 | 7 . . . . . . . . . . . . . . . . . . . . . 345 . . . . . Treads 577 | . . . . . . . . . . . . . . . . . . . . . . . 199 . . 377 1 Legs 4326 | 48 125 182 685 253 238 102 287 71 . . . . . . . . . . . . . . 1110 406 195 498 126 Wheels 57 | . . . . . . . . . . . . . . . . . . . . . . 45 12 . . . . Hover 333 | . . . . . . . . . . . . . . . . . . . . . . . 333 . . . . Flight 11854 | . . . . . . . . 1271 776 192 94 449 2846 655 211 861 415 2008 511 530 168 330 46 . 311 180 . Fastest Speed 23 | 50 120 120 120 120 120 120 115 23 23 23 23 23 25 28 29 29 31 26 31 31 31 31 45 120 39 39 120 Average Speed 59 | 111 120 120 132 120 128 155 120 30 23 23 23 24 29 28 29 42 32 30 31 31 31 49 113 120 70 122 120 Slowest Speed 260 | 120 120 120 190 120 190 260 123 115 23 23 23 26 108 29 29 109 34 114 107 31 31 250 240 190 120 190 145 Overloaded Moves . | . . . . . . . . . . . . . . . . . . . . . . . . . . . . Propulsion Burnouts . | . . . . . . . . . . . . . . . . . . . . . . . . . . . . Robots Hopped 18 | . . . . . . . . 6 . . . . 4 . . . . 5 . . . 3 . . . . . Cave-ins Triggered 4 | . . . . . . . . . . . . . . . . . . . . . . 1 3 . . . . Teleports 1 | . . . . . . . . . . . . . . . . . . . . . . . . 1 . . . Exploration Rate (%) 48 | 4 37 43 67 47 61 26 32 27 83 37 74 60 59 76 42 83 56 60 58 57 60 63 36 52 17 25 28 Regions Visited 27 Branch Regions 18 Pre-discovered Areas 7 | . . 1 . . 1 . . . . . 1 . . . 1 . . . . . 3 . . . . . . Known Exits Taken 12 | . . . . . . 1 . 1 . . . . 1 . . . 1 1 1 1 1 1 1 1 1 . . Unknown Exits Taken 15 | 1 1 1 1 1 1 . 1 . 1 1 1 1 . 1 1 1 . . . . . . . . . 1 . Scrap Searched 25 | . . 1 . 1 . . . . 5 1 . 2 . 2 1 4 2 . 3 1 . 2 . . . . . Spaces Dug 155 | . . . 11 . . . . 11 3 . . 1 21 1 . . 12 35 2 . . 8 45 . 2 3 . Terrain Destroyed 1001 | . . . 127 24 . 27 59 69 3 . . 6 267 1 . . 12 175 2 . . 8 179 12 2 28 . Melee 111 | . . . . . . . . 11 3 . . 1 21 1 . . 12 35 2 . . 8 12 . 2 3 . Projectile 92 | . . . . . . . . . . . . . . . . . . . . . . . 73 12 . 7 . AOE 798 | . . . 127 24 . 27 59 58 . . . 5 246 . . . . 140 . . . . 94 . . 18 . Terrain Rammed . | . . . . . . . . . . . . . . . . . . . . . . . . . . . . Walls Destroyed . | . . . . . . . . . . . . . . . . . . . . . . . . . . . . Machines Disabled . | . . . . . . . . . . . . . . . . . . . . . . . . . . . . Actions | -11 -10 -10 -9 -9 -9 -8 -8 -7 -7 -7 -7 -6 -6 -6 -6 -6 -5 -5 -5 -5 -5 -4 -4 -4 -3 -2 -2 --------- Run | Jun Mat Min Mat Min Exi Min Mat Fac Low Low Dat Pro Fac Low Low Zio Pro Fac Upp Upp Zhi Pro Fac Ext Res Res Tes Total 22290 | 64 150 184 889 275 241 126 392 1586 802 191 93 615 3352 1084 210 889 786 2403 723 543 176 874 2858 577 550 1478 179 Wait 3006 | . . . 52 1 . 3 23 130 20 . . 84 309 420 . 14 355 282 190 9 . 129 730 23 14 213 5 Move 17438 | 54 124 181 684 252 237 101 286 1329 775 191 93 448 2838 654 210 860 414 1997 510 529 167 714 1699 405 505 1054 127 Hop 17 | . . . . . . . . 6 . . . . 4 . . . . 5 . . . 2 . . . . . Pick Up 95 | 4 6 1 10 . 1 . 12 9 . . . 2 9 . . 3 . 7 3 . 1 1 17 1 2 6 . Fast Attach 211 | 5 6 . 5 . . 3 11 9 . . . 10 14 1 . 2 . 10 4 . 4 5 67 16 9 29 1 Attach 79 | 1 . . 5 . . 2 4 8 1 . . 2 5 2 . 1 1 9 2 . . 3 18 6 2 7 . Detach 68 | . 1 . 1 . . . 2 8 . . . 4 3 1 . 2 1 4 1 . . 2 24 2 3 9 . Swap 133 | . . . 18 5 1 2 7 7 1 . . 3 28 1 . 2 . 8 3 2 . 2 23 9 . 11 . Drop 173 | . 2 1 12 1 2 . 10 18 1 . . 8 15 1 . 4 . 12 7 . 4 3 26 4 11 29 2 Fire 573 | . 11 . 98 16 . 15 25 8 . . . 1 37 . . . . 5 . . . . 216 76 1 57 7 Melee 319 | . . . . . . . . 19 4 . . 28 72 4 . 1 15 64 2 1 . 10 32 2 3 61 1 Ram . | . . . . . . . . . . . . . . . . . . . . . . . . . . . . Kick 62 | . . 1 4 . . . 12 . . . . . . . . . . . . . . . 6 3 . 2 34 Crush . | . . . . . . . . . . . . . . . . . . . . . . . . . . . . Escape Stasis 57 | . . . . . . . . 35 . . . 1 18 . . . . . . . . . . 1 . . 2 Rewire 53 | . . . . . . . . . . . . 24 . . . . . . . . . . . 29 . . . Trap 6 | . . . . . . . . . . . . . . . . . . . 1 2 . 3 . . . . . Miscellaneous . | . . . . . . . . . . . . . . . . . . . . . . . . . . . . Route ------- -11/Junkyard -10/Materials -10/Mines -9/Materials (discovered 3 exits: *Mat / [*Min x2]) -9/Mines (discovered 2 exits: Mat / *Exi) -9/Exiles (discovered 2 exits: [*Min x2]) -8/Mines -8/Materials -7/Factory (discovered 4 exits: Sto x2 / *Low x2) -7/Lower Caves -7/Lower Caves (discovered 2 exits: *Fac / *Dat) -7/Data Miner -6/Proximity Caves -6/Factory (discovered 3 exits: *Fac / *Low x2) -6/Lower Caves -6/Lower Caves -6/Zion (discovered 2 exits: [Dee] / [*Pro]) -5/Proximity Caves -5/Factory (discovered 3 exits: *Fac / *Upp x2) -5/Upper Caves -5/Upper Caves (discovered 2 exits: *Fac / *Zhi) -5/Zhirov -4/Proximity Caves -4/Factory (discovered 3 exits: Res / [*Upp] / *Ext) -4/Extension -3/Research (discovered 3 exits: *Res x3) -2/Research (discovered 3 exits: [*Acc] / [*Tes x2]) -2/Testing (discovered 1 exit: [*Acc]) History --------- Turn | Location | Event 3 | -11/Junkyard | Discovered new exit (range 16) 74 | -11/Junkyard | Entered Materials 247 | -10/Materials | Discovered new exit (range 15) 265 | -10/Materials | Entered Mines 285 | -10/Mines | Learned Materials terminal intel 315 | -10/Mines | Build established: Mutant 391 | -10/Mines | Discovered new exit (range 13) 396 | -10/Mines | Received a Rocket Launcher from a helpful Derelict 485 | -10/Mines | Entered Materials 485 | -9/Materials | Evolved 2 slots: Propulsion x1, Utility x1 486 | -9/Materials | Loaded intel: 12 terminal locations 692 | -9/Materials | Lost 3 parts (1p1n1w) 1064 | -9/Materials | Discovered new exit (range 7) 1358 | -9/Materials | Discovered new exit (range 16) 1685 | -9/Materials | First assault squad dispatched 1726 | -9/Materials | Discovered new exit (range 15) 1786 | -9/Materials | Entered Mines 1792 | -9/Mines | Assisted by bots powering up and referring to "LRC-V3" 1807 | -9/Mines | Met a Derelict bent on vengeance 1832 | -9/Mines | Core integrity fell below 50% 1879 | -9/Mines | Identified exit to Materials 2069 | -9/Mines | Build established: Scavenger-Mutant 2140 | -9/Mines | Deemed a non-threat by the Exiles lab entrance 2140 | -9/Mines | Discovered new exit (range 5) 2145 | -9/Mines | Entered Exiles 2145 | -9/Exiles | Accompanied by 1 ally 2163 | -9/Exiles | Discovered new exit (range 15) 2178 | -9/Exiles | Met 8R-AWN 2195 | -9/Exiles | Met EX-HEX 2227 | -9/Exiles | Met EX-BIN 2245 | -9/Exiles | Aligned with FarCom system 2246 | -9/Exiles | Given EX-Vault access code 2277 | -9/Exiles | Opened EX-Vault 2288 | -9/Exiles | Found Superbattery 2311 | -9/Exiles | Warned to stay clear of 0b10 Research branches 2351 | -9/Exiles | Met EX-DEC 2356 | -9/Exiles | Learned location of Zion (-6) 2430 | -9/Exiles | Discovered new exit (range 14) 2453 | -9/Exiles | Left Exiles lab with Superbattery 2453 | -9/Exiles | Entered Mines 2453 | -8/Mines | Accompanied by 1 ally 2544 | -8/Mines | Core integrity fell below 20% 2581 | -8/Mines | Lost 6 parts (1p2n3w) 2645 | -8/Mines | Discovered exit to Materials (range 12) 2658 | -8/Mines | Entered Materials 2658 | -8/Materials | Evolved 2 slots: Propulsion x1, Utility x1 3025 | -8/Materials | Garrison activated, responded to threat 3141 | -8/Materials | Discovered new exit (range 11) 3155 | -8/Materials | Entered Factory 3155 | -7/Factory | Evolved 2 slots: Propulsion x1, Utility x1 3181 | -7/Factory | Identified exit to Storage 3181 | -7/Factory | Identified exit to Lower Caves 3678 | -7/Factory | Repaired Imp. Grenade Launcher 3720 | -7/Factory | Build established: Scavenger-Sprinter 3850 | -7/Factory | Entered Lower Caves 3933 | -7/Lower Caves | Learned Factory terminal intel 3945 | -7/Lower Caves | Attracted the attention of an 0b10 checkpoint 4003 | -7/Lower Caves | Ambushed by research squad 4017 | -7/Lower Caves | Spotted B-75 Beast 4061 | -7/Lower Caves | Discovered new exit (range 8) 4062 | -7/Lower Caves | Entered another Lower Caves area 4068 | -7/Lower Caves | Discovered new exit (range 10) 4103 | -7/Lower Caves | Discovered new exit (range 11) 4106 | -7/Lower Caves | Entered Data Miner 4106 | -7/Data Miner | Discovered new exit (range 6) 4110 | -7/Data Miner | Met Data Miner 4117 | -7/Data Miner | Learned location of Section 7 (-3) 4117 | -7/Data Miner | Acquired the access code to Warlord's prototype stash 4121 | -7/Data Miner | Received God Mode back door access code from Data Miner 4128 | -7/Data Miner | Entered Proximity Caves 4144 | -6/Proximity Caves | Escorted by Enhanced Grunt 4204 | -6/Proximity Caves | Learned Factory emergency access door positions 4300 | -6/Proximity Caves | Found Prototype Device 4300 | -6/Proximity Caves | Identified Exp. Thermal Shield 4360 | -6/Proximity Caves | Build established: Sprinter 4401 | -6/Proximity Caves | Found Prototype Launcher 4401 | -6/Proximity Caves | Identified Mni. Smartbomb Launcher 4411 | -6/Proximity Caves | Found Mni. Smartbomb Launcher 4452 | -6/Proximity Caves | Discovered new exit (range 16) 4455 | -6/Proximity Caves | Entered Factory 4455 | -6/Factory | Evolved 2 slots: Utility x2 4457 | -6/Factory | Loaded intel: 26 terminal locations 4475 | -6/Factory | Discovered new exit (range 4) 4541 | -6/Factory | Incoming investigation squad redirected 4632 | -6/Factory | Fabricated Field Propulsion Drive (x2) 4708 | -6/Factory | Destroyed 7 combat bots 4804 | -6/Factory | Fabricated Field Propulsion Drive? 4894 | -6/Factory | Build established: Scout 5121 | -6/Factory | Identified exit to Factory 5284 | -6/Factory | Spotted B-75 Beast 5505 | -6/Factory | First assault squad dispatched 5642 | -6/Factory | Incoming assault squad redirected 5713 | -6/Factory | Fabricated Field Propulsion Drive? 5749 | -6/Factory | Identified exit to Lower Caves 5774 | -6/Factory | Incoming investigation squad redirected 5969 | -6/Factory | Entered Lower Caves 5990 | -6/Lower Caves | Learned Factory trap positions 6332 | -6/Lower Caves | Build established: Hacker-Sprinter 6566 | -6/Lower Caves | Attracted the attention of an 0b10 outpost 6586 | -6/Lower Caves | Discovered new exit (range 18) 6590 | -6/Lower Caves | Entered another Lower Caves area 6593 | -6/Lower Caves | Spotted B-75 Beast 6614 | -6/Lower Caves | Learned location of Extension (-4) 6649 | -6/Lower Caves | Discovered new exit (range 9) 6651 | -6/Lower Caves | Entered Zion 6681 | -6/Zion | Discovered new exit (range 15) 6692 | -6/Zion | System corruption cleaned by Quarantine Array 6711 | -6/Zion | Learned Factory scanalyzer intel 6738 | -6/Zion | Given the Hacking Drone Bay 6776 | -6/Zion | Build established: Hacker-Scout 6789 | -6/Zion | Found Prototype Device 6791 | -6/Zion | Discovered new exit (range 14) 6869 | -6/Zion | Found CR-A16's Pointy Stick 6992 | -6/Zion | Found Prototype Device 7044 | -6/Zion | Entered Proximity Caves 7046 | -5/Proximity Caves | Spotter reported a threat 7047 | -5/Proximity Caves | Spotter reported a threat 7158 | -5/Proximity Caves | Build established: Hacker-Mutant 7293 | -5/Proximity Caves | Spotter reported a threat 7411 | -5/Proximity Caves | Spotter reported a threat 7549 | -5/Proximity Caves | Spotter reported a threat 7583 | -5/Proximity Caves | Entered Factory 7583 | -5/Factory | Evolved 2 slots: Propulsion x1, Utility x1 7584 | -5/Factory | Identified exit to Upper Caves 7585 | -5/Factory | Loaded intel: 97 trap records 7586 | -5/Factory | Loaded intel: 4 scanalyzer locations 7654 | -5/Factory | Incoming investigation squad redirected 7789 | -5/Factory | Spotted B-75 Beast 7821 | -5/Factory | Discovered new exit (range 15) 7883 | -5/Factory | Search patrols dispatched 7900 | -5/Factory | Build established: Hacker-Scout 7915 | -5/Factory | Identified Bomb Factory No. 2 8043 | -5/Factory | Revealed the true nature of CR-A16's Pointy Stick 8052 | -5/Factory | Destroyed B-75 Beast 8183 | -5/Factory | Search patrols dispatched 8469 | -5/Factory | Fabricated Field Propulsion Drive? 8483 | -5/Factory | Search patrols dispatched 8574 | -5/Factory | Lost 4 parts (2n1u1w) 8579 | -5/Factory | Fabricated Field Propulsion Drive? 8697 | -5/Factory | Entered Upper Caves 8750 | -5/Upper Caves | Learned Factory non-interactive machine intel 8845 | -5/Upper Caves | Build established: Hacker-Sprinter 8860 | -5/Upper Caves | Learned 4 Factory zone layouts 8982 | -5/Upper Caves | Discovered new exit (range 8) 9072 | -5/Upper Caves | Identified exit to Upper Caves 9073 | -5/Upper Caves | Entered another Upper Caves area 9073 | -5/Upper Caves | Discovered new exit (range 14) 9078 | -5/Upper Caves | Identified exit to Factory 9250 | -5/Upper Caves | Discovered new exit (range 15) 9254 | -5/Upper Caves | Identified exit to Zhirov 9254 | -5/Upper Caves | Entered Zhirov 9254 | -5/Zhirov | Discovered new exit (range 3) 9260 | -5/Zhirov | Met Zhirov 9276 | -5/Zhirov | Found Alien Artifact 9276 | -5/Zhirov | Identified Integrated Reactor 9276 | -5/Zhirov | Installed Integrated Reactor, increased core energy generation (+10) 9283 | -5/Zhirov | Found Alien Artifact 9290 | -5/Zhirov | Identified Mobile Refinery Mk. CCLXVII 9304 | -5/Zhirov | Learned location of Quarantine (-3) 9304 | -5/Zhirov | Learned location of Testing (-2) 9304 | -5/Zhirov | Learned location of Command (-1) 9307 | -5/Zhirov | Zhirov requested help retrieving the SGEMP Prototype 9315 | -5/Zhirov | Identified exit to Proximity Caves 9315 | -5/Zhirov | Entered Proximity Caves 9317 | -4/Proximity Caves | Learned 8 Research zone layouts 9330 | -4/Proximity Caves | Attacked by a faux Warlord 9364 | -4/Proximity Caves | Crushed by falling debris 9364 | -4/Proximity Caves | System corruption reached 10% 9395 | -4/Proximity Caves | Lost 4 parts (1n3u) 9493 | -4/Proximity Caves | Core integrity fell below 50% 9547 | -4/Proximity Caves | Lost 7 parts (3n4u) 9638 | -4/Proximity Caves | Discovered exit to Factory (range 7) 9782 | -4/Proximity Caves | Build established: Mutant 9847 | -4/Proximity Caves | Attracted the attention of an 0b10 outpost 9849 | -4/Proximity Caves | Entered Factory 9849 | -4/Factory | Evolved 2 slots: Power x1, Utility x1 9850 | -4/Factory | Identified exit to Extension 9851 | -4/Factory | Identified exit to Research 9852 | -4/Factory | Loaded intel: 203 non-interactive machine locations 10181 | -4/Factory | Build established: Scavenger-Mutant 10623 | -4/Factory | System corruption reached 10% 11467 | -4/Factory | Lost 10 parts (2p4n3u1w) 11482 | -4/Factory | Spotted B-86 Titan 11507 | -4/Factory | Discovered new exit (range 5) 11599 | -4/Factory | First assault squad dispatched 11628 | -4/Factory | Incoming assault squad redirected 11761 | -4/Factory | Crushed by falling debris 11848 | -4/Factory | Build established: Mutant 11887 | -4/Factory | Destroyed B-86 Titan 11898 | -4/Factory | Found Hvy. Reflective Plating 12193 | -4/Factory | Build established: Scavenger-Mutant 12299 | -4/Factory | System corruption reached 30% 12391 | -4/Factory | Incoming assault squad redirected 12615 | -4/Factory | Incoming assault squad redirected 12626 | -4/Factory | Incoming assault squad redirected 12636 | -4/Factory | Crushed by falling debris 12671 | -4/Factory | Crushed by falling debris 12763 | -4/Factory | Core integrity fell below 50% 12766 | -4/Factory | Incoming assault squad redirected 12793 | -4/Factory | Lost 6 parts (2n2u2w) 12877 | -4/Factory | Incoming assault squad redirected 13311 | -4/Factory | Entered Extension 13370 | -4/Extension | Rescued a captive Derelict 13582 | -4/Extension | Lost 6 parts (2n3u1w) 13641 | -4/Extension | Rescued A7 13687 | -4/Extension | Rescued a captive Derelict 13710 | -4/Extension | Found Quantum Capacitor 13809 | -4/Extension | Spotted B-86 Titan 13811 | -4/Extension | First assault squad dispatched 13841 | -4/Extension | Incoming assault squad redirected 13841 | -4/Extension | Spotted B-86 Titan 13859 | -4/Extension | Destroyed B-86 Titan 13867 | -4/Extension | Destroyed B-86 Titan 13879 | -4/Extension | Found Hvy. Reflective Plating 13892 | -4/Extension | Core integrity fell below 20% 13902 | -4/Extension | Incoming assault squad redirected 13932 | -4/Extension | Lost 8 parts (1p3n3u1w) 14096 | -4/Extension | Identified Transdimensional Reconstructor 14096 | -4/Extension | Warped through subspace 14096 | -4/Extension | Discovered exit to Research (range 1) 14097 | -4/Extension | Entered Research 14097 | -3/Research | Evolved 2 slots: Utility x1, Weapon x1 14126 | -3/Research | Lost 5 parts (2p2n1w) 14327 | -3/Research | Identified exit to Research 14347 | -3/Research | First assault squad dispatched 14370 | -3/Research | Incoming assault squad redirected 14504 | -3/Research | Entered another Research area 14504 | -2/Research | Evolved 2 slots: Propulsion x1, Utility x1 14541 | -2/Research | Discovered new exit (range 15) 14579 | -2/Research | Spotted B-90 Cyclops 14598 | -2/Research | Destroyed B-90 Cyclops 14621 | -2/Research | Found Quantum Capacitor 15218 | -2/Research | Discovered new exit (range 5) 15246 | -2/Research | System corruption reached 10% 15263 | -2/Research | Found Prototype Device 15263 | -2/Research | Identified Exp. Thermal Defense Suite 15563 | -2/Research | Discovered new exit (range 15) 16254 | -2/Research | First assault squad dispatched 16338 | -2/Research | Entered Testing 16339 | -2/Testing | Maximum security lockdown engaged 16358 | -2/Testing | Scanned by Researcher 16370 | -2/Testing | Found Prototype Energy Cannon 16370 | -2/Testing | Identified Cld. Nova Cannon 16529 | -2/Testing | Lost 5 parts (2n2u1w) 16539 | -2/Testing | Discovered new exit (range 10) 16545 | -2/Testing | Spotted Executioner 16547 | -2/Testing | Spotted Investigator 16549 | -2/Testing | Core integrity fell below 50% 16551 | -2/Testing | Self-destructed Last Messages --------------- 16549_ G-73 Enforcer stasis bubble strength at 177. 16549_ L-61 Swordsman stasis bubble strength at 179. 16549_ I-47 Archangel stasis bubble strength at 190. 16549_ G-73 Enforcer stasis bubble strength at 177. 16550_ W-44 Eye stasis bubble strength at 191. 16550_ Stasis bubble strength at 122. 16550_ H-88 Terminator stasis bubble strength at 154. 16550_ M-36 Artificer stasis bubble strength at 190. 16550_ P-80 Master stasis bubble strength at 186. 16550_ Penetrated by Slug. 16550_ Lrg. Storage Unit destroyed. 16550_ Penetrated by Slug. 16550_ Centrium Leg destroyed. 16550_ Y-72 Warden stasis bubble strength at 170. 16550_ G-73 Enforcer stasis bubble strength at 154. 16550_ L-61 Swordsman stasis bubble strength at 158. 16550_ I-47 Archangel stasis bubble strength at 180. 16550_ G-73 Enforcer stasis bubble strength at 154. 16551_ W-44 Eye stasis bubble strength at 182. 16551_ L-61 Swordsman stasis bubble strength at 179. Map ----- +----------------------------------------------------+ | ?????????????????????????????????????????????????? | | ?????????????????????????????????????????????????? | | ?????????????????????????????????????????????????? | | ?????????????????????????????????????????????????? | | ?????????????????????????????????????????????????? | | ?????????????????????????????????????????????????? | | ?????????????????????????????????????????????????? | | ?????????????????????????????????????????????????? | | ?????????????????????h???????????????????????????? | | ?????????????????????????????????????????????????? | | ????????????????????h????????????????????????????? | | ???????????????w??????p??????????????????????????? | | ???????????????????# ????????????????????????????? | | ???????????????????# ????????????????????????????? | | ???????????????????# ???????????????????????????? | | ???????????????????# ???????????????????????????? | | ? #????????????????# g?????????????????????????? | | #########????????# ??????????????????????????? | | # * ?????????# ??????????????????????????? | | # """ ?????????# ?????????????????????????? | | ### """ #????????# ?????????????????????????? | | # """ #????????# h###############??????????? | | # """ #????????# gph g #??????????? | | """ #????????# Y gYmi g h #??????????? | | # """ #????????# gcmgYYlw Y #??????????? | | # """ #?? + %%=h@El h hm #??????????? | | # #?????"" #g <%##########g #???? ?????? | | # ""T"" #????????# i??????????#CY #??"" ?????? | | # """"" #????????# ????????####gg # """ ?????? | | #+#######????????#??????????# bg """ ?????? | | ####??????????????????????# gg # #???? | | #??????????????????????# Yb #? #???? | | ###### #??????????????????????#### h #?? #???? | | ?????# #?????????????????????######g##########???? | | ?????# #?????????????????????# ghYC #??????? | | ?????# #?????????????????????# lgC #??????? | | ???### ####????????????????### ghC #??????? | | ???+ %#????????????????#"" """ """ #??????? | | ???###/##%#????????????????#"" """ """ #??????? | | ????# #%#????????????????#"T%""" """ #??????? | | ????# #%#????????????????#"" #??????? | | ????# #%#????????????????#"" """ #??????? | | ????# #%####################%""" #??????? | | ????# #%%%%%%%%%%%%%%%%%%%%/%""" #??????? | | ????# ######################% "" "" #??????? | | ????# #????????????????????# ""G"?????????? | | ????#####?????????????????????#########??????????? | | ?????????????????????????????????????????????????? | | ?????????????????????????????????????????????????? | | | +----------------------------------------------------+ Best States ------------- Heat Dissipation 119 Coolant Potential 80 Energy Generation 59 Energy Capacity 1600 Matter Stores 300 Matter Capacity 300 Sight Range 23 Terrain Scan Range 16 Terrain Scan Density 210 Jamming Range 16 Power Amplification 30 EM Shielding 2 Armor Coverage 1200 Resistance: TH 25 Resistance: EM 20 Utility Shielding 66 Weapon Shielding 66 Phase Shifting 10 Evasion (%) 70 Targeting Accuracy 16 Melee Accuracy 8 Recoil Reduction 4 Energy Filtering 30 Salvage Targeting 3 Offensive Hacking 22 Authchip Count 1 Trap Extractor Capacity 6 Item Schematics ----------------- Combat Drone Bay | -7/Data Miner | Free Lgt. Regenerative Plating | -7/Data Miner | Free Biomechanical Wings | -7/Data Miner | Free Gravity Neutralizer | -7/Data Miner | Free Imp. Heavy Machine Gun | -7/Data Miner | Free Field Propulsion Drive | -7/Data Miner | Free Mass Driver | -7/Data Miner | Free Adv. Melee Analysis Suite | -7/Data Miner | Free Wave Gun | -7/Data Miner | Free Imp. Recalibrator | -7/Data Miner | Free Tesla Rifle | -6/Zion | Archive Adv. Sensor Array | -6/Zion | Archive Imp. Particle Charger | -6/Zion | Archive Fission Core | -6/Zion | Archive Drone Bay | -6/Zion | Archive Mak. Trap Scanner | -6/Zion | Archive Centrium Wheel | -6/Zion | Archive Imp. Focal Shield | -6/Zion | Archive Imp. Medium Treads | -6/Zion | Archive Imp. Proton Missile Launcher | -6/Zion | Archive Imp. Arc Projector | -6/Zion | Archive Imp. Core Shielding | -6/Zion | Archive Lgt. Antimatter Reactor | -6/Zion | Archive Assault Drone Bay | -5/Zhirov | Free Exp. Heat Sink | -5/Zhirov | Free Exp. Optical Array | -5/Zhirov | Free Imp. Arc Thrower | -5/Zhirov | Free Exp. Core Analyzer | -2/Testing | Archive Exp. Gyrokinetic Inverter | -2/Testing | Archive Robot Schematics ------------------ B-48 Gladiator | -7/Data Miner | Free G-47 Trooper | -7/Data Miner | Free A-15 Conveyor | -7/Data Miner | Free G-50 Soldier | -7/Data Miner | Free R-10 Processor | -6/Zion | Archive E-15 Imp | -6/Zion | Archive D-83 Annihilator | -6/Zion | Archive Fabricated ------------ Field Propulsion Drive | x2 | -6/Factory | Authchip Field Propulsion Drive | x2 | -6/Factory Field Propulsion Drive | x2 | -6/Factory Field Propulsion Drive | x2 | -5/Factory Field Propulsion Drive | x2 | -5/Factory Alien Tech Used ----------------- Integrated Reactor Transdimensional Reconstructor Achievements -------------- None Challenges ------------ None Game ------ Seed ConcussiveGatlingNetwork Manual? 0 Play Time 03:42:34 Cumulative 409.6 hours Start 2023.12.10 @ 22:16:38 End 2023.12.12 @ 12:11:08 Sessions 9 Manual Loads 0 Difficulty Rogue Special Mode None Game No. 163 Rogue 147 Adventurer 8 Explorer 8 Win Type - Total 33 Types 12/1/13/1/1/2/3/0/0 Lore% 92 Gallery% 89 Achievement% 80 Wizard Run 0 Options --------- ASCII 1 Keyboard 1 Movement Vi Keybinds 0 Fullscreen 2 Font 18/SmallcapsGlow Map View 76x50 Tactical HUD 1 Map Filters NONE Filters NONE Steam 0 RUN: 36f4071f-6747-489a-9b10-2514bf7449ea